 Dungeon Crawl Stone Soup version 0.29.1-15-g9cfb28693d (webtiles) character file.

Game seed: 10152295922250720627

114 Heoruswealwe the Conjurer (level 4, -1/24 HPs)
             Began as a Deep Elf Conjurer on Feb 22, 2023.
             Was a Plaything of Xom.
             Killed from afar by Ijyb (9 damage)
             ... with a puff of flame
             ... on level 3 of the Dungeon.
             The game lasted 00:29:06 (2879 turns).

Heoruswealwe the Conjurer (Deep Elf Conjurer)       Turns: 2879, Time: 00:29:07

Health: -1/24      AC:  5    Str:  4      XL:     4   Next: 67%
Magic:  6/13       EV: 13    Int: 25      God:    Xom [*.....]
Gold:   88         SH:  0    Dex: 18 (19) Spells: 10/13 levels left

rFire   . . .      SeeInvis .   c - +1 falchion
rCold   . . .      Faith    .   (no shield)
rNeg    . . .      Spirit   .   a - +0 robe
rPois   .          Reflect  .   J - +0 helmet
rElec   .          Harm     .   A - +0 cloak
rCorr   .          Rampage  .   z - +0 pair of gloves
Will    .....                   (no boots)
Stlth   ++........              (no amulet)
HPRegen 0.08/turn               G - +6 ring of dexterity
MPRegen 0.13/turn               (no ring)

@: very slightly contaminated
A: no striking features
a: Renounce Religion


You were on level 3 of the Dungeon.
You worshipped Xom.
You were a special plaything of Xom.
You visited 1 branch of the dungeon, and saw 3 of its levels.

You collected 88 gold pieces.

Inventory:

Hand Weapons
 c - a +1 falchion (weapon)
 f - a +0 dagger
 g - a +0 dagger
 i - a +0 club
 j - a +0 dagger
 o - a +0 whip
 v - a +0 short sword
 w - a +0 short sword
 y - a +0 spear
 B - a +0 dagger
 E - a +0 dagger
Missiles
 h - 27 stones
 p - 6 poisoned darts
 r - 4 boomerangs
Armour
 a - a +0 robe (worn)
 d - a +0 leather armour
 e - a +0 robe
 m - a +0 helmet
 q - a +0 leather armour
 s - a +0 ring mail
 x - a +0 robe
 z - a +0 pair of gloves (worn)
 A - a +0 cloak (worn)
 C - a +0 robe
 D - a +0 helmet
 I - a +0 ring mail
 J - a +0 helmet (worn)
Jewellery
 G - a +6 ring of dexterity (left hand)
 K - an amulet of faith
Scrolls
 k - 2 scrolls of teleportation
 F - a scroll of poison {unknown}
 H - a scroll of identify
Potions
 b - a potion of magic
 n - a potion of might
 t - 3 potions of flight
 u - a potion of resistance


   Skills:
 - Level 2.4 Dodging
 - Level 2.4 Stealth
 + Level 5.2 Spellcasting
 + Level 5.6 Conjurations


You had 10 spell levels left.
You knew the following spells:

 Your Spells              Type           Power      Damage    Failure   Level
a - Magic Dart            Conj           100%       1d8       1%          1
b - Searing Ray           Conj           68%        2d6       1%          2

Your spell library contained the following spells:

 Spells                   Type           Power      Damage    Failure   Level
 Dazzling Flash           Conj/Hex       40%        N/A       8%          3
 Stone Arrow              Conj/Erth      40%        3d9       8%          3
 Iskenderun's Battlesphe  Conj           34%        2d9       22%         5
 Fulminant Prism          Conj/Hex       10%        3d9       26%         4
 Iskenderun's Mystic Bla  Conj/Tloc      20%        2d6       26%         4
 Corpse Rot               Necr/Pois/Air  6%         N/A       63%         4
 Agony                    Necr           6%         N/A       92%         5
 Iron Shot                Conj/Erth      10%        9d3       98%         6
 Spellforged Servitor     Conj/Summ      10%        N/A       100%        7
 Necromutation            Tmut/Necr      3%         N/A       100%        8


Dungeon Overview and Level Annotations

Branches:
Dungeon (3/15)

Altars:
Xom

Annotations:
D:3 Ijyb


Message History

You miscast Searing Ray.
You are very lightly contaminated with residual magic.
Nothing appears to happen.
Ijyb screams, "It's all mine!"
Casting: Searing Ray (safe; 1% risk of failure)
Confirm with . or Enter, or press ? or * to list all spells.
Aiming: Magic Dart (safe; 1% risk of failure)
Press: ? - help, Shift-Dir - straight line, f/p - dart slug
Aim: a dart slug (100% to hit)
You miscast Magic Dart.
Nothing appears to happen.
Ijyb barely misses you.
You barely miss Ijyb.
Ijyb is moderately wounded.
Ijyb hits you with a +0 dagger.
* * * LOW HITPOINT WARNING * * *
Ijyb zaps a wand.
The puff of flame misses you.
You feel much better.
Ijyb zaps a wand.
The puff of flame misses you.
You hit Ijyb.
Ijyb is moderately wounded.
Ijyb zaps a wand.
The puff of flame hits you!
You hit Ijyb but do no damage.
Ijyb is moderately wounded.
Ijyb misses you.
Casting: Magic Dart (safe; 1% risk of failure)
Confirm with . or Enter, or press ? or * to list all spells.
Aiming: Searing Ray (safe; 1% risk of failure)
Press: ? - help, Shift-Dir - straight line, f/p - dart slug
Aim: a dart slug (100% to hit)
The searing ray hits Ijyb but does no damage.
Ijyb is moderately wounded.
The searing ray hits the dart slug.
The dart slug is moderately wounded. (Press . to maintain the ray.) Ijyb hits you with a +0 dagger.
The searing ray hits Ijyb.
Ijyb is heavily wounded.
The searing ray hits the dart slug!
You kill the dart slug!
Ijyb closely misses you.
The searing ray misses Ijyb.
Ijyb zaps a wand.
The puff of flame hits you!
You die...

.............##.#
####....###...#.##
###...#.#.#.#....#
.....÷..#.#......# ##
##..#.........#.b# .. #
##...÷.##.##...b.###.# .#
.÷.###.#...#.###....#.#####.#
.#.#...........#b#.......<..#
...###.#...#.###@gb...###.###
÷#.....##.##.....##..## #.#
....#.........#.## .## #.###
........#.#.....# # #...#
.>....#.#.#.#.### ###.#
.##.#...###...# #.#
###.###......## #.# #
#.##...#.#.# #.#
###.##.#.....# #.#


You could see Ijyb (ally target).

Vanquished Creatures
  A jelly (D:3)
  Jessica (D:3)
  A worm (D:3)
  4 dart slugs
  7 ball pythons
  6 endoplasms
  2 giant cockroaches
  3 goblins
  9 hobgoblins
  3 quokkas
  2 bats
  A frilled lizard (D:3)
  A kobold (D:1)
  5 rats
  2 bushes (D:1)
48 creatures vanquished.

Notes
Turn   | Place    | Note
-------+----------+-------------------------------------------
     0 | D:1      | Heoruswealwe the Deep Elf Conjurer began the quest for the
                  | Orb.
     0 | D:1      | Reached XP level 1. HP: 10/10 MP: 6/6
   154 | D:1      | Reached XP level 2. HP: 15/15 MP: 3/8
   401 | D:1      | Got Zahaskau's Almanac of Terrain and Death
  1231 | D:1      | Learned a level 2 spell: Searing Ray
  1502 | D:2      | Reached XP level 3. HP: 19/19 MP: 7/10
  1504 | D:2      | Reached skill level 5 in Conjurations
  1886 | D:1      | Prayed at the altar of an unknown god.
  1886 | D:1      | Became a worshipper of Xom of Chaos
  2550 | D:3      | XOM: silly message
  2558 | D:3      | Noticed Jessica
  2562 | D:3      | Killed Jessica
  2563 | D:3      | Reached XP level 4. HP: 24/24 MP: 6/12
  2632 | D:3      | Reached skill level 5 in Spellcasting
  2671 | D:3      | XOM: stat loss: -1 Dex (12/13)
  2864 | D:3      | Noticed Ijyb
  2866 | D:3      | XOM: butterfly on damage
  2879 | D:3      | Killed from afar by Ijyb

Illustrated notes

Levels and vault maps discovered:
D:1:      spicycebolla_arrival_ecumenical, layout_loops_corners
D:2:      layout_basic, nrook_mini_vaults, minmay_misc_feat_pillars,
          minivault_27, grunt_ministairs_7
D:3:      layout_loops_ring, minmay_fractal_squares_5, uniq_ijyb, uniq_jessica

Skill      XL: |  1  2  3  4 |
---------------+-------------+-----
Spellcasting   | 4 5 |  5.2
Conjurations   | 5 |  5.6
Dodging        | |  2.4
Stealth        | |  2.4

Action                   |  1- 3 |  4- 6 || total
-------------------------+-------+-------++-------
Melee: Falchion          |   300 |    11 ||   311
       Punch             |     5 |       ||     5
 Cast: Magic Dart        |    60 |    20 ||    80
       Searing Ray       |       |     1 ||     1
  Use: Potion            |     5 |     1 ||     6
       Scroll            |     4 |       ||     4
Armor: Robe              |       |     3 ||     3
Dodge: Dodged            |     8 |    10 ||    18
